 Dungeon Crawl Stone Soup version 0.22.1-1-ga44c0e5 (webtiles) character file.

21539 Irenicus the Severer (level 12, -14/106 HPs)
             Began as a Deep Dwarf Monk on Sept 26, 2018.
             Was the Champion of Makhleb.
             Killed from afar by a deep elf mage (20 damage)
             ... with a bolt of lightning
             ... on level 1 of the Elven Halls.
             The game lasted 01:00:09 (6904 turns).

Irenicus the Severer (Deep Dwarf Monk)              Turns: 6904, Time: 01:00:11

Health: -14/106    AC: 13    Str: 18    XL:     12   Next: 55%
Magic:  15/15      EV: 23    Int: 11    God:    Makhleb [******]
Gold:   98         SH:  6    Dex: 19    Spells: 11/11 levels left

rFire    + . .     SeeInvis .   E - +4 war axe (chop)
rCold    + . .     Gourm    .   l - +0 buckler
rNeg     . . .     Faith    .   h - quicksilver dragon scales
rPois    +         Spirit   .   (no helmet)
rElec    .         Reflect  .   C - scarf {rC+ rF+}
rCorr    .         Harm     .   g - +1 pair of gloves
MR       ++...                  (no boots)
Stlth    ++........             (no amulet)
HPRegen  0.00/turn              o - ring of poison resistance
MPRegen  0.14/turn              q - +3 ring of evasion

@: about to teleport, non-regenerating
A: damage resistance, heal wounds, repulsion field 1, sense surroundings 2,
robust 1, strong 1, no regeneration
a: Heal Wounds, Minor Destruction, Lesser Servant of Makhleb, Major Destruction,
Greater Servant of Makhleb, Renounce Religion


You were on level 1 of the Elven Halls.
You worshipped Makhleb.
Makhleb was exalted by your worship.
You were not hungry.

You visited 4 branches of the dungeon, and saw 14 of its levels.

You collected 1681 gold pieces.
You spent 1583 gold pieces at shops.

Inventory:

Hand Weapons
 k - a +0 war axe
 r - a +2 vampiric whip
 s - a +3 battleaxe
 u - a +1 broad axe
 D - a +0 hand axe of electrocution
 E - a +4 war axe of chopping (weapon)
Missiles
 b - a throwing net (quivered)
Armour
 f - a +0 cloak
 g - a +1 pair of gloves (worn)
 h - quicksilver dragon scales (worn)
 l - a +0 buckler (worn)
 C - a scarf of resistance (worn)
Jewellery
 d - an uncursed ring of positive energy
 i - a cursed ring of teleportation
 o - a ring of poison resistance (left hand)
 q - a +3 ring of evasion (right hand)
 y - an uncursed ring of resist corrosion
Wands
 j - a wand of iceblast (3)
 v - a wand of random effects (28)
 H - a wand of disintegration (14)
Scrolls
 e - 2 scrolls of identify
 m - 5 scrolls of remove curse
 n - a scroll of fog
 G - a scroll of silence {unknown}
Potions
 t - a potion of invisibility
 w - a potion of degeneration
 x - 2 potions of curing
 z - 2 potions of might
 A - 4 potions of mutation
 B - a potion of agility
 F - 5 potions of haste
Comestibles
 c - 6 rations


   Skills:
 - Level 3.0 Fighting
 + Level 17.1(17.3) Axes
 - Level 3.6(11.2) Maces & Flails
 - Level 5.1 Armour
 + Level 8.9 Dodging
 - Level 2.4 Stealth
 - Level 4.0 Shields
 - Level 6.1 Invocations
 - Level 8.2 Evocations


You had 11 spell levels left.
You didn't know any spells.
Your spell library contained the following spells:

 Spells                   Type           Power        Failure   Level  Hunger
 Magic Dart               Conj           #...         52%         1    ##.....
 Blink                    Tloc           N/A          65%         2    ###....
 Call Imp                 Summ           #.......     65%         2    ###....
 Slow                     Hex            #.......     65%         2    ###....
 Conjure Flame            Conj/Fire      #.......     87%         3    ####...
 Mephitic Cloud           Conj/Pois/Air  #.......     87%         3    ####...


Dungeon Overview and Level Annotations

Branches:
Dungeon (10/15)            Temple (1/1) D:5             Orc (2/2) D:10
    Elf (1/3) Orc:2
   Lair: D:8-11

Altars:
Cheibriados
Dithmenos
Elyvilon
Fedhas
Gozag
Kikubaaqudgha
Makhleb
Nemelex Xobeh
Qazlal
Ru
Sif Muna
Trog
Uskayaw
Wu Jian
Yredelemnul
Zin
The Shining One
Beogh

Shops:
D:10 =   Orc:2 =(!*[


Innate Abilities, Weirdness & Mutations

You are resistant to damage.
You can heal yourself by infusing magical energy.
You passively map the area around you.
You do not regenerate.
You are surrounded by a mild repulsion field. (EV +2)
You are robust. (+10% HP)
Your muscles are strong. (Str +2)


Message History

You feel much better. The ufetubus completely misses you.
You block the ufetubus's attack.
The deep elf mage gestures at you while chanting.
The shard of ice misses you.
The deep elf knight hits you with a scimitar.
* * * LOW HITPOINT WARNING * * *
The cacodemon gestures next to you.
Some rock shatters into small pieces.
The ufetubus completely misses you. x2
As you read the scroll of teleportation, it crumbles to dust.
You feel strangely unstable.
The deep elf knight hits you but does no damage.
The deep elf mage misses you. The ufetubus closely misses you.
The ufetubus completely misses you. The deep elf mage casts a spell at you.
The bolt of lightning hits the ufetubus.
The ufetubus dies!
The bolt of lightning hits you!
* * * LOW HITPOINT WARNING * * *
The bolt of lightning hits you!
You die...

#.#.#.#,, * #..)..#,
, #.e...#, ,*
#.#.#.# ,
#########55...# *
#.......#33.e.# ,*
,**, ###.##.##.2.#.#
,* * #.##(##e....# ,
** ##'##'#.@e...# **
, #......#.#.#.# *
,, #......#.....# ,
, ,, ,
#......#.....#
#......#.#.#.#* ** *
######.....#.....# *
*
##.......#..#.....#
,,
#...........#.#.#.#
#...........#.....#,
,


You could see a cacodemon, a deep elf knight, 3 deep elf magi, a neqoxec, a
ynoxinul and 2 white imps.

Vanquished Creatures
  A deep elf sorcerer (Elf:1)
  An orc warlord (Orc:2)
  Nessos (Orc:2)
  2 orc high priests (Orc:2)
  A deep elf knight (Elf:1)
  An unseen horror (D:10)
  4 orc knights (Orc:2)
  3 orc sorcerers (Orc:2)
  A deep elf mage (Elf:1)
  A gargoyle (D:10)
  A komodo dragon (D:10)
  A yaktaur (shapeshifter) (D:6)
  6 trolls
  Grinder (D:4)
  A hippogriff (D:7)
  A spriggan (D:9)
  Grum (D:9)
  5 yaks (D:10)
  Edmund (D:4)
  Menkaure (D:4)
  A warg (Orc:1)
  An acid dragon (D:6)
  3 ice beasts
  22 orc warriors
  2 sky beasts
  2 wolves (D:9)
  9 ogres
  2 phantoms
  2 gnoll sergeants
  4 bullfrogs
  A wyvern skeleton (D:10)
  A scorpion (D:6)
  10 killer bees
  5 electric eels (D:9)
  3 howler monkeys
  4 crimson imps
  2 quasits
  26 orc wizards
  3 hounds
  A jelly (D:10)
  4 bullfrog skeletons
  17 orc priests
  A gnoll shaman (D:4)
  Ijyb (D:4)
  5 iguanas
  2 worker ants (D:6)
  A hound zombie (D:5)
  A hound skeleton (D:6)
  A worker ant zombie (D:6)
  52 gnolls
  5 adders
  2 shadow imps
  3 adder skeletons
  4 worms
  6 leopard geckos
  70 orcs
  A ball python (D:3)
  5 bats
  3 giant cockroaches
  7 goblins
  7 hobgoblins
  18 jackals
  5 quokkas
  5 frilled lizards
  2 jackal skeletons
  8 kobolds
  A leopard gecko zombie (D:6)
  5 rats
381 creatures vanquished.

Vanquished Creatures (collateral kills)
  An orc high priest (Orc:2)
  An orc knight (Orc:2)
  An orc sorcerer (Orc:2)
  A troll (Orc:2)
  5 orc warriors (Orc:2)
  An ogre (Orc:2)
  4 orc priests (Orc:2)
  3 orc wizards (Orc:2)
  9 orcs
26 creatures vanquished.

Vanquished Creatures (others)
  An orc sorcerer (Orc:2)
  3 orc warriors (Orc:2)
  A troll (Orc:2)
  2 orc priests (Orc:2)
7 creatures vanquished.

Grand Total: 414 creatures vanquished

Notes
Turn   | Place    | Note
-------+----------+-------------------------------------------
     0 | D:1      | Irenicus the Deep Dwarf Monk began the quest for the Orb.
     0 | D:1      | Reached XP level 1. HP: 20/20 MP: 1/1
    57 | D:1      | Reached XP level 2. HP: 25/27 MP: 2/2
    89 | D:1      | Reached skill level 4 in Axes
   445 | D:2      | Found a shadowy altar of Dithmenos.
   449 | D:2      | Reached XP level 3. HP: 24/33 MP: 3/3
   462 | D:2      | Reached skill level 5 in Axes
   523 | D:2      | Reached XP level 4. HP: 12/40 MP: 3/3
   803 | D:3      | Found a blossoming altar of Fedhas.
   945 | D:3      | Reached skill level 6 in Axes
  1127 | D:4      | Noticed Grinder
  1128 | D:4      | Noticed a phantom
  1131 | D:4      | Noticed Ijyb
  1140 | D:4      | Paralysed by Grinder for 5 turns
  1167 | D:4      | Killed Ijyb
  1167 | D:4      | Reached XP level 5. HP: 32/46 MP: 4/4
  1181 | D:4      | Killed a phantom
  1181 | D:4      | Reached skill level 7 in Axes
  1199 | D:4      | Killed Grinder
  1199 | D:4      | Reached skill level 8 in Axes
  1199 | D:4      | Reached XP level 6. HP: 30/55 MP: 5/5
  1432 | D:4      | Found a deep blue altar of Sif Muna.
  1432 | D:4      | Found a sparkling altar of Nemelex Xobeh.
  1434 | D:4      | Found a hide-covered altar of Uskayaw.
  1480 | D:4      | Noticed Edmund
  1509 | D:4      | Killed Edmund
  1509 | D:4      | Reached XP level 7. HP: 53/61 MP: 6/6
  1511 | D:4      | Gained mutation: Your muscles are strong. (Str +2) [potion
                  | of mutation]
  1511 | D:4      | Gained mutation: You are robust. (+10% HP) [potion of
                  | mutation]
  1511 | D:4      | Gained mutation: You are surrounded by a mild repulsion
                  | field. (EV +2) [potion of mutation]
  1844 | D:4      | Noticed Menkaure
  1859 | D:4      | Killed Menkaure
  1885 | D:4      | Reached skill level 9 in Axes
  1894 | D:4      | Reached XP level 8. HP: 54/75 MP: 7/7
  1916 | D:4      | Reached skill level 5 in Dodging
  2008 | D:4      | Reached skill level 1 in Shields
  2158 | D:5      | Entered Level 5 of the Dungeon
  2261 | D:5      | Found a staircase to the Ecumenical Temple.
  2265 | D:5      | Found a sacrificial altar of Ru.
  2278 | Temple   | Entered the Ecumenical Temple
  2319 | Temple   | Became a worshipper of Makhleb the Destroyer
  2319 | Temple   | Reached * piety under Makhleb
  2319 | Temple   | Reached ** piety under Makhleb
  2803 | D:5      | Reached skill level 1 in Evocations
  2855 | D:6      | Reached skill level 1 in Invocations
  2865 | D:6      | Reached skill level 1 in Armour
  3316 | D:6      | Found a sacrificial altar of Ru.
  3524 | D:6      | Reached skill level 10 in Axes
  3635 | D:7      | Reached *** piety under Makhleb
  3673 | D:7      | Noticed a hippogriff
  3695 | D:7      | Killed a hippogriff
  3695 | D:7      | Gained mutation: You passively map the area around you.
                  | [Deep Dwarf growth]
  3695 | D:7      | Reached XP level 9. HP: 82/82 MP: 8/8
  3809 | D:6      | Noticed a troll
  3810 | D:6      | Noticed a harpy
  3824 | D:6      | Reached skill level 11 in Axes
  3896 | D:6      | Killed a troll
  3909 | D:6      | Noticed a guardian serpent
  3920 | D:6      | Noticed an orb spider
  3920 | D:6      | a guardian serpent changed into an orb spider
  3924 | D:6      | Noticed a fire crab
  3924 | D:6      | an orb spider changed into a fire crab
  3935 | D:6      | Noticed a queen bee
  3935 | D:6      | a fire crab changed into a queen bee
  3948 | D:6      | Noticed a yaktaur
  3948 | D:6      | a queen bee changed into a yaktaur
  3980 | D:6      | Killed a yaktaur
  3980 | D:6      | Reached skill level 12 in Axes
  4291 | D:7      | Found an ornate altar of the Wu Jian Council.
  4303 | D:7      | Found a deep blue altar of Sif Muna.
  4418 | D:7      | Found a glowing silver altar of Zin.
  4559 | D:7      | Found a glowing golden altar of the Shining One.
  4634 | D:8      | Reached skill level 13 in Axes
  4743 | D:9      | Reached XP level 10. HP: 92/92 MP: 9/9
  4896 | D:9      | Found an opulent altar of Gozag.
  4900 | D:9      | Reached **** piety under Makhleb
  4986 | D:9      | Noticed Grum
  5012 | D:9      | Killed Grum
  5185 | D:10     | Entered Level 10 of the Dungeon
  5188 | D:10     | Noticed a gargoyle
  5191 | D:10     | Reached skill level 14 in Axes
  5199 | D:10     | Killed a gargoyle
  5204 | D:10     | Reached skill level 5 in Invocations
  5389 | D:10     | Found Jotraywa's Jewellery Emporium.
  5456 | D:10     | Killed an unseen horror
  5514 | D:10     | Found a staircase to the Orcish Mines.
  5525 | Orc:1    | Entered Level 1 of the Orcish Mines
  5532 | Orc:1    | Reached XP level 11. HP: 67/99 MP: 14/14
  5549 | Orc:1    | Reached ***** piety under Makhleb
  5549 | Orc:1    | Reached skill level 5 in Evocations
  5574 | Orc:1    | Found a roughly hewn altar of Beogh.
  5581 | Orc:1    | Reached skill level 15 in Axes
  5813 | Orc:2    | Entered Level 2 of the Orcish Mines
  5813 | Orc:2    | Noticed an orc sorcerer
  5821 | Orc:2    | Killed an orc sorcerer
  5869 | Orc:2    | Found a staircase to the Elven Halls.
  5870 | Orc:2    | Noticed an orc knight
  5884 | Orc:2    | Noticed Nessos
  5895 | Orc:2    | Killed an orc knight
  5923 | Orc:2    | Killed Nessos
  6020 | Orc:2    | Found Isexy's Jewellery Emporium.
  6049 | Orc:2    | Noticed an orc warlord
  6081 | Orc:2    | Killed an orc warlord
  6085 | Orc:2    | Reached skill level 5 in Armour
  6088 | Orc:2    | Reached skill level 16 in Axes
  6175 | Orc:2    | Found Quridiso's Distillery.
  6175 | Orc:2    | Noticed an orc sorcerer
  6189 | Orc:2    | Noticed an orc high priest
  6189 | Orc:2    | Killed an orc sorcerer
  6204 | Orc:2    | Noticed an orc high priest
  6205 | Orc:2    | Noticed an orc knight
  6205 | Orc:2    | Noticed an orc knight
  6205 | Orc:2    | Noticed an orc knight
  6205 | Orc:2    | Noticed an orc sorcerer
  6206 | Orc:2    | Noticed an orc sorcerer
  6206 | Orc:2    | Noticed an orc high priest
  6206 | Orc:2    | Killed an orc high priest
  6206 | Orc:2    | Reached ****** piety under Makhleb
  6207 | Orc:2    | Noticed an orc knight
  6215 | Orc:2    | Killed an orc high priest
  6231 | Orc:2    | HP: 1/99 [orc knight/dire flail (30)]
  6246 | Orc:2    | Killed an orc sorcerer
  6246 | Orc:2    | Reached XP level 12. HP: 62/106 MP: 16/16
  6249 | Orc:2    | Killed an orc high priest
  6349 | Orc:2    | Found Ekiejar's Weapon Emporium.
  6357 | Orc:2    | Found Loum's Armour Boutique.
  6357 | Orc:2    | Found Qebbonor's Assorted Antiques.
  6387 | Orc:2    | Bought an agate ring for 125 gold pieces
  6387 | Orc:2    | Bought a potion of curing for 75 gold pieces
  6387 | Orc:2    | Bought a scroll labeled MOONOU KERY for 25 gold pieces
  6387 | Orc:2    | Bought a scroll of identify for 50 gold pieces
  6387 | Orc:2    | Bought a runed war axe for 162 gold pieces
  6399 | Orc:2    | Bought a scarf of resistance for 480 gold pieces
  6574 | Orc:2    | Bought a potion of curing for 54 gold pieces
  6574 | Orc:2    | Bought a potion of haste for 180 gold pieces
  6574 | Orc:2    | Bought a potion of might for 72 gold pieces
  6574 | Orc:2    | Bought a potion of haste for 180 gold pieces
  6574 | Orc:2    | Bought a potion of haste for 180 gold pieces
  6779 | Elf:1    | Entered Level 1 of the Elven Halls
  6863 | Elf:1    | Noticed a deep elf sorcerer
  6883 | Elf:1    | Killed a deep elf sorcerer
  6883 | Elf:1    | Reached skill level 17 in Axes
  6901 | Elf:1    | Noticed a cacodemon
  6904 | Elf:1    | Killed from afar by a deep elf mage

Skill      XL: |  1  2  3  4  5  6  7  8  9 10 11 12 |
---------------+-------------------------------------+-----
Axes           | 4 5 6 8 9 10 13 14 16 17 | 17.1
Maces & Flails | 2 3 |  3.6
Fighting       | 3 |  3.0
Dodging        | 4 5 6 8 |  8.9
Shields        | 4 |  4.0
Evocations     | 1 4 8 |  8.2
Invocations    | 1 6 |  6.1
Armour         | 3 5 |  5.1
Stealth        | |  2.4

Action                   |  1- 3 |  4- 6 |  7- 9 | 10-12 || total
-------------------------+-------+-------+-------+-------++-------
Melee: Hand axe          |    90 |   177 |       |   301 ||   568
       Whip              |       |    33 |   973 |       ||  1006
       Broad axe         |       |       |    58 |   219 ||   277
       War axe           |       |       |       |    46 ||    46
Throw: Throwing net      |       |       |     2 |       ||     2
Invok: Lesser Servant of |       |       |       |     1 ||     1
       Greater Servant o |       |       |       |     1 ||     1
 Abil: Heal Wounds       |     2 |     1 |       |    12 ||    15
Evoke: Wand              |       |       |       |    41 ||    41
  Use: Scroll            |     3 |     3 |     8 |     8 ||    22
       Potion            |     2 |     4 |     5 |     5 ||    16
 Stab: Sleeping          |     4 |     4 |     4 |     2 ||    14
       Invisible         |       |       |     9 |     6 ||    15
       Distracted        |       |       |       |     2 ||     2
  Eat: Chunk             |       |     2 |     9 |     7 ||    18
       Ration            |       |     2 |       |     1 ||     3
Armor: Robe              |    15 |     2 |       |       ||    17
       Quicksilver drago |       |    67 |   238 |   113 ||   418
       Skin              |       |    47 |       |       ||    47
Dodge: Dodged            |    63 |    96 |   881 |   369 ||  1409
Block: Buckler           |       |       |   184 |   128 ||   312
